 Dungeon Crawl Stone Soup version 0.19-a0-719-gcc390b8 (webtiles) character file.

477 Laan the Conjurer (level 6, -1/32 HPs)
             Began as a Deep Elf Fire Elementalist on June 21, 2016.
             Killed from afar by an orc wizard (12 damage)
             ... with a puff of flame
             ... on level 4 of the Dungeon.
             The game lasted 00:07:36 (3184 turns).

Laan the Conjurer (Deep Elf Fire Elementalist)      Turns: 3184, Time: 00:07:37

Health: -1/32      AC:  2    Str:  5    XL:     6   Next: 85%
Magic:  2/17       EV: 13    Int: 22    God:
Gold:   157        SH:  0    Dex: 15    Spells: 1 memorised, 16 levels left

rFire  . . .     SeeInvis .     e - +0 dagger (venom)
rCold  . . .     Gourm    .     a - +0 robe
rNeg   . . .     Faith    .     (no shield)
rPois  .         Spirit   .     (no helmet)
rElec  .         Dismiss  .     (no cloak)
rCorr  .         Reflect  .     (no gloves)
SustAt .         Harm     .     (no boots)
MR     .....                    (no amulet)
Stlth  ++........               (no ring)
                                (no ring)

@: very slightly contaminated, not resistant to hostile enchantments, unstealthy
A: no striking features
a: no special abilities


You were on level 4 of the Dungeon.
You were not hungry.

You visited 1 branch of the dungeon, and saw 4 of its levels.

You collected 157 gold pieces.

Inventory:

Hand Weapons
 e - a +0 dagger of venom (weapon)
Armour
 a - a +0 robe (worn)
Magical Staves
 p - an uncursed staff of cold
Wands
 q - a wand of digging (7/24)
Scrolls
 d - 4 scrolls of teleportation {unknown}
 h - a scroll of random uselessness {unknown}
 k - 5 scrolls of identify {unknown}
 l - 2 scrolls of remove curse {unknown}
 m - 2 scrolls of enchant armour {unknown}
 n - a scroll of enchant weapon {unknown}
 r - a scroll of amnesia {unknown}
Potions
 g - a potion of agility {unknown}
 i - 2 potions of heal wounds {unknown}
 j - 2 potions of curing {unknown}
 s - a potion of brilliance {unknown}
Books
 b - a book of Flames

   Spells                             Type                      Level
   a - Flame Tongue                   Conjuration/Fire             1
   b - Throw Flame                    Conjuration/Fire             2
   c - Conjure Flame                  Conjuration/Fire             3
   d - Inner Flame                    Hexes/Fire                   3
   e - Sticky Flame                   Conjuration/Fire             4
   f - Fireball                       Conjuration/Fire             5
Comestibles
 c - 2 bread rations
 f - 2 royal jellies
 o - 2 beef jerkies
 t - a slice of pizza
 u - 3 chunks of flesh


   Skills:
 - Level 2.4 Dodging
 - Level 2.4 Stealth
 + Level 6.3 Spellcasting
 * Level 6.3 Conjurations
 - Level 3.2 Fire Magic


You had 16 spell levels left.
You knew the following spells:

 Your Spells              Type           Power        Failure   Level  Hunger
a - Flame Tongue          Conj/Fire      ####.        1%          1    None


Dungeon Overview and Level Annotations

Branches:
Dungeon (4/15)
 Temple: D:4-7

Altars:


Message History

Aim: a worker ant (severely wounded)
The flame tongue hits the worker ant.
You kill the worker ant!
Something hits you but does no damage.
Casting: Flame Tongue
Confirm with . or Enter, or press ? or * to list all spells.
You can't see any susceptible monsters within range! (Use Z to cast anyway.)
You miss something. Something hits you.
You hit something. Something hits you but does no damage. Something hits you.
You barely miss something. Something hits you.
You miss something. You hit something but do no damage. Something hits you.
You miss something.
You hear some strange, mumbled words.
A magic dart appears from out of thin air!
The magic dart hits you!
You hear some strange, mumbled words.
A puff of flame appears from out of thin air!
The puff of flame hits you!
You die...

####.....####. #.#
.............. ..#
####.....####.##.###
# #...(.# #.##...
###.### ##.#...###
#.# #..).....
######.## #..#.{.#
........# #..##{# ##
######..####..##@##.#
######..##.....).#.#
....(.......#.#..)#
###.##...........#.#
# ##.###.#.#..##.#
#.# #.#.#..# .# #.#
#.#.....) . #.#
#.###....... #.# ...
#.###....


There were no monsters in sight!

Vanquished Creatures
  An ogre (D:4)
  2 howler monkeys
  3 orc priests
  2 orc wizards (D:4)
  A worker ant (D:4)
  4 gnolls (D:4)
  3 adders (D:2)
  An ooze (D:3)
  3 worms
  A dart slug (D:2)
  5 giant geckos
  9 orcs
  3 giant cockroaches
  4 goblins
  8 hobgoblins
  4 jackals (D:3)
  A quokka (D:2)
  2 ball pythons
  3 bats
  A giant newt (D:1)
  5 kobolds
  6 rats
72 creatures vanquished.

Notes
Turn   | Place    | Note
--------------------------------------------------------------
     0 | D:1      | Laan the Deep Elf Fire Elementalist began the quest for the Orb.
     0 | D:1      | Reached XP level 1. HP: 10/10 MP: 6/6
   261 | D:1      | Reached XP level 2. HP: 15/15 MP: 6/8
   885 | D:2      | Reached XP level 3. HP: 14/19 MP: 1/10
  1655 | D:2      | Reached XP level 4. HP: 24/24 MP: 8/12
  1857 | D:3      | Reached XP level 5. HP: 28/28 MP: 1/14
  2123 | D:3      | Reached skill level 5 in Spellcasting
  2248 | D:3      | Found a faded altar of an unknown god.
  2723 | D:4      | Noticed an ogre
  2730 | D:4      | Killed an ogre
  2730 | D:4      | Reached skill level 5 in Conjurations
  2730 | D:4      | Reached XP level 6. HP: 32/32 MP: 10/16
  3184 | D:4      | Killed from afar by an orc wizard

Vault maps used:
D:1:      co_arrival_random_square_maze
D:2:      serial_glass, glass_columns_b, glass_columns_a, hex_intersection
D:3:      ecumenical_altar_2
D:4:      overflow_temple_1_default

Skill      XL: |  1  2  3  4  5  6 |
---------------+-------------------+-----
Conjurations   | 2 3 4 5 6 |  6.3
Spellcasting   | 4 5 6 |  6.3
Dodging        | |  2.4
Stealth        | |  2.4
Fire Magic     | |  3.2

Action                   |  1- 3 |  4- 6 || total
-------------------------+-------+-------++-------
Melee: Dagger            |    14 |    12 ||    26
 Cast: Flame Tongue      |    54 |    89 ||   143
 Stab: Sleeping          |     9 |     2 ||    11
  Eat: Chunk             |     2 |     5 ||     7
Armor: Robe              |     4 |     1 ||     5
Dodge: Dodged            |    27 |    24 ||    51
